 Dungeon Crawl Stone Soup version 0.31.0-10-gcf4a605ca0 (webtiles) character file.

Game seed: 8412421529697862641

49 SnakkuSnakku7 the Caller (level 3, -9/30 HPs)
             Began as a Ghoul Summoner on Jan 26, 2024.
             Mangled by Ijyb
             ... wielding a +0 dagger of electrocution
              (11 damage)
             ... on level 3 of the Dungeon.
             The game lasted 00:01:57 (1874 turns).

SnakkuSnakku7 the Caller (Ghoul Summoner)           Turns: 1874, Time: 00:01:58

Health: -9/30      AC: 12    Str: 13    XL:     3   Next: 75%
Magic:  5/5        EV:  3    Int: 14    God:
Gold:   97         SH:  0    Dex:  9    Spells: 4/5 levels left

rFire   . .          .
                       - Unarmed
rCold   + . .        (no shield)
rNeg    + + +        i - +0 plate armour
rPois   ∞            f - +0 helmet
rElec   .            (no cloak)
rCorr   .            (no gloves)
SInv    .            m - +0 pair of boots
Will    .....        (no amulet) Stlth
                     (no ring)
HPRegen 0.00/turn    (no ring)
MPRegen 0.09/turn

%: no passive effects
@: attractive, inhibited regen
A: claws 1, cold resistance 1, negative energy resistance 3, inhibited
regeneration, torment resistance 2, devour on kill
a: no special abilities


You were on level 3 of the Dungeon.
You visited 1 branch of the dungeon, and saw 3 of its levels.

You collected 97 gold pieces.

Inventory:

Armour
 a - a +0 robe
 f - a +0 helmet (worn)
 i - a +0 plate armour (worn)
 j - a +0 buckler
 m - a +0 pair of boots (worn)
Wands
 l - a wand of flame (8)
Scrolls
 d - a scroll of fear {unknown}
 g - 3 scrolls of teleportation {unknown}
 h - a scroll of noise {unknown}
 k - 2 scrolls of amnesia {unknown}
Potions
 b - 3 potions of magic
 c - a potion of attraction
 e - a potion of heal wounds {unknown}


   Skills:
 + Level 2.4 Fighting
 - Level 1.7 Dodging
 - Level 2.1 Stealth
 + Level 2.3 Unarmed Combat
 - Level 1.7 Spellcasting
 - Level 3.6 Summonings


You had 4 spell levels left.
You knew the following spells:

 Your Spells              Type           Power      Damage    Failure   Level
a - Summon Small Mammal   Summ           44%        N/A       100%        1

Your spell library contained the following spells:

 Spells                   Type           Power      Damage    Failure   Level
 Call Imp                 Summ           22%        N/A       100%        2
 Call Canine Familiar     Summ           11%        N/A       100%        3
 Summon Blazeheart Golem  Fire/Summ      6%         N/A       100%        4
 Summon Lightning Spire   Summ/Air       6%         N/A       100%        4


Dungeon Overview and Level Annotations

Branches:
Dungeon (3/15)

Altars:

Shops:
D:2 (

Annotations:
D:3 Ijyb


Innate Abilities, Weirdness & Mutations

You are immune to poison.
You have sharp fingernails.
Your flesh is cold resistant. (rC+)
You are immune to negative energy. (rN+++)
You do not regenerate when monsters are visible.
You are immune to unholy pain and torment.
You thrive by killing the living.


Message History

Ijyb is heavily wounded.
Ijyb hits you with a +0 dagger of electrocution.
You are electrocuted!!
Ouch! That really hurt!
* * * LOW HITPOINT WARNING * * *
You are too injured to fight recklessly!
You are too injured to fight recklessly!
Okay, then.
Okay, then.
It was a potion of attraction.
You feel attractive to monsters. Ijyb barely misses you.
Aiming: Throw Flame
Press: ? - help, Shift-Dir - straight line, f - Ijyb
Aim: Ijyb, wielding a +0 dagger of electrocution, wearing a +0 ring mail and carrying a wand of polymorph (heavily wounded, 64% to hit)
The puff of flame hits Ijyb!
Ijyb is almost dead.
Ijyb zaps a wand.
Okay, then.
You closely miss Ijyb.
Ijyb is almost dead.
Ijyb barely misses you.
You barely miss Ijyb.
Ijyb is almost dead.
Ijyb barely misses you.
You closely miss Ijyb.
Ijyb is almost dead.
You completely miss Ijyb.
Ijyb is almost dead.
Ijyb hits you but does no damage.
You scratch Ijyb. You claw Ijyb, but do no damage.
Ijyb is almost dead.
Ijyb hits you but does no damage.
You closely miss Ijyb.
Ijyb is almost dead.
Ijyb hits you but does no damage.
You barely miss Ijyb. Your claw misses Ijyb.
Ijyb is almost dead.
Ijyb hits you but does no damage.
You are electrocuted!
You die...

...# ##..# .... #..#
#..# #..######.
#.........
########g########
#........@(...#
#.######.####.#
######.##...#.####.#
#...........#.#.....
#.#######.......#
#.# #.#.....##.#
##.# #.##...[...#
#..# #.###.######
#..# #.....#


You could see Ijyb.

Vanquished Creatures
  A ribbon worm (D:2)
  4 dart slugs
  5 endoplasms
  4 giant cockroaches
  5 goblins
  3 hobgoblins
  2 kobolds
  A quokka (D:1)
  7 ball pythons
  A bat (D:3)
  A frilled lizard (D:1)
  2 rats (D:1)
36 creatures vanquished.

Notes
Turn   | Place    | Note
-------+----------+-------------------------------------------
     0 | D:1      | SnakkuSnakku7 the Ghoul Summoner began the quest for the
                  | Orb.
     0 | D:1      | Reached XP level 1. HP: 14/14 MP: 3/3
   105 | D:1      | Reached skill level 1 in Fighting
   105 | D:1      | Reached skill level 1 in Unarmed Combat
   213 | D:1      | Reached XP level 2. HP: 23/23 MP: 4/4
   409 | D:1      | Reached XP level 3. HP: 15/29 MP: 5/5
  1165 | D:2      | Found Moamy's Weapon Shop.
  1701 | D:3      | Identified the +2 ring mail of the Sheltering Gods {rN+
                  | Dex+3}
  1841 | D:3      | Noticed Ijyb
  1874 | D:3      | Mangled by Ijyb

Illustrated notes

Levels and vault maps discovered:
D:1:      mrwooster_arrival_statue, layout_loops_ring, serial_aquarium,
          aquarium_bridge_straight [aquarium_subvault_bridge,
          aquarium_subvault_wall, aquarium_subvault_bridge,
          aquarium_subvault_wall], aquarium_bridge_square
          [aquarium_subvault_bridge, aquarium_subvault_bridge,
          aquarium_subvault_bridge, aquarium_subvault_bridge],
          aquarium_window_3, aquarium_window_fake, aquarium_window_1,
          aquarium_view_2d, aquarium_view_2f
D:2:      layout_loops_corners, serial_shops, nicolae_shop_bloodbath_and_beyond
D:3:      layout_loops_corners, lemuel_round_altar, uniq_ijyb

Skill      XL: |  1  2  3 |
---------------+----------+-----
Fighting       | 1 2 |  2.4
Unarmed Combat | 1 2 |  2.3
Dodging        | |  1.7
Stealth        | |  2.1
Spellcasting   | |  1.7
Summonings     | |  3.6

Action                     || total
---------------------------++-------
  Melee: Unarmed           ||   141
         Punch             ||     2
  Evoke: Wand              ||     1
    Use: Potion            ||     1
   Stab: Sleeping          ||     3
 Armour: Robe              ||    38
         Plate armour      ||    38
  Dodge: Dodged            ||    54
